 Dungeon Crawl Stone Soup version 0.28-a0-816-gb054d885db (webtiles) character file.

Game seed: 6078212432243395517

379 Gwenloh the Covered (level 6, -2/39 HPs)
             Began as a Gargoyle Fighter on Nov 8, 2021.
             Slain by Blork the orc (9 damage)
             ... on level 4 of the Dungeon.
             The game lasted 00:05:28 (2815 turns).

Gwenloh the Covered (Gargoyle Fighter)              Turns: 2815, Time: 00:05:29

Health: -2/39      AC: 11    Str: 20    XL:     6   Next: 74%
Magic:  6/6        EV:  9    Int:  8    God:
Gold:   114        SH:  4    Dex: 11    Spells: 5/5 levels left

rFire   . . .      SeeInvis .   a - +0 flail
rCold   . . .      Faith    .   c - +0 buckler
rNeg    + . .      Spirit   .   b - +0 scale mail
rPois   ∞          Reflect  .   (no helmet)
rElec   +          Harm     .   (no cloak)
rCorr   .          Rampage  .   (no gloves)
Will    .....                   (no boots)
Stlth   ..........              (no amulet)
HPRegen 0.13/turn               (no ring)
MPRegen 0.10/turn               (no ring)

@: no status effects
A: sickness immunity, AC +4, negative energy resistance 1, electricity
resistance, torment resistance 1, petrification resistance
a: no special abilities


You were on level 4 of the Dungeon.
You visited 1 branch of the dungeon, and saw 4 of its levels.

You collected 114 gold pieces.

Inventory:

Hand Weapons
 a - a +0 flail (weapon)
Missiles
 j - 4 atropa-tipped darts
 m - 38 stones (quivered)
Armour
 b - a +0 scale mail (worn)
 c - a +0 buckler (worn)
Jewellery
 i - a ring of protection from cold
 q - a ring of magical power
Wands
 d - a wand of iceblast (6)
Scrolls
 e - 4 scrolls of teleportation {unknown}
 g - a scroll of vulnerability {unknown}
 k - 2 scrolls of identify {unknown}
 o - a scroll of fog {unknown}
 p - 2 scrolls of torment {unknown}
 s - a scroll of immolation {unknown}
 t - a scroll of noise {unknown}
Potions
 f - a potion of curing {unknown}
 h - a potion of attraction {unknown}
 l - 2 potions of heal wounds {unknown}
 n - a potion of mutation {unknown}
 r - a potion of ambrosia {unknown}


   Skills:
 + Level 4.3 Fighting
 + Level 4.6 Maces & Flails
 + Level 5.2 Armour
 - Level 0.2 Dodging
 + Level 0.7 Stealth
 + Level 4.0 Shields


You had 5 spell levels left.
You didn't know any spells.
Your spell library contained the following spells:

 Spells                   Type           Power      Damage    Failure   Level
 Sandblast                Erth           0%         2d4       75%         1
 Passwall                 Tmut/Erth      0%         N/A       87%         2
 Stone Arrow              Conj/Erth      0%         3d7       98%         3


Dungeon Overview and Level Annotations

Branches:
Dungeon (4/15)
 Temple: D:4-7

Altars:
Elyvilon

Annotations:
D:4 Blork the orc


Innate Abilities, Weirdness & Mutations

You are immune to sickness and miasma.
Your stone body is resilient. (AC +4)
You are immune to poison.
You resist negative energy. (rN+)
You are resistant to electric shocks. (rElec)
You are resistant to unholy torment.
You are immune to petrification.


Message History

Level annotation: Blork the orc Blork the orc screams, "I'll decorate my home with your organs!"
There is a stone staircase leading up here.
You closely miss the adder.
Blork the orc gestures at you while chanting.
The puff of flame misses you. The adder barely misses you.
You miss the adder. The adder closely misses you. The adder barely misses you.
You closely miss the adder. The adder bites you but does no damage.
Blork the orc hits you from afar with a +0 halberd!
You hit the adder.
The adder is heavily wounded.
The adder misses you.
Blork the orc hits you but does no damage.
The adder bites you but does no damage.
You barely miss the adder.
The adder is moderately wounded.
The adder barely misses you.
Blork the orc hits you from afar with a +0 halberd.
You are too injured to fight recklessly!
The adder bites you but does no damage.
Blork the orc casts a cantrip, but nothing happens.
You barely miss Blork the orc. The adder bites you but does no damage.
Blork the orc hits you but does no damage.
The adder barely misses you.
You hit Blork the orc.
Blork the orc is lightly wounded.
Blork the orc hits you with a +0 halberd!
* * * LOW HITPOINT WARNING * * *
The adder barely misses you.
You hit Blork the orc.
Blork the orc is lightly wounded.
The adder barely misses you.
Blork the orc casts a spell.
Blork the orc seems to speed up.
The adder bites you but does no damage. Blork the orc barely misses you.
You hit Blork the orc.
Blork the orc is moderately wounded.
The adder barely misses you.
Blork the orc hits you with a +0 halberd!
You die...

##.#........... ######
#..............
#....[###..#...........
#..........#...........
#........<.............
#.....$...##.....).....
#.........##.....).....
#.....o...##...........
#.....@...##...........
#####S<...#############
#######


You could see Blork the orc (fast) and an adder.

Vanquished Creatures
  Grinder (D:4)
  A hound (D:3)
  Ijyb (D:3)
  An adder (D:2)
  3 gnolls
  4 worms
  A dart slug (D:1)
  4 ball pythons (D:1)
  5 endoplasms
  3 giant cockroaches
  4 hobgoblins
  10 jackals
  2 quokkas
  4 bats
  4 frilled lizards
  3 goblins
  5 kobolds
  2 rats (D:1)
58 creatures vanquished.

Notes
Turn   | Place    | Note
-------+----------+-------------------------------------------
     0 | D:1      | Gwenloh the Gargoyle Fighter began the quest for the Orb.
     0 | D:1      | Reached XP level 1. HP: 14/14 MP: 1/1
    67 | D:1      | Reached XP level 2. HP: 2/19 MP: 2/2
   723 | D:1      | Reached XP level 3. HP: 22/23 MP: 3/3
   755 | D:1      | Reached skill level 4 in Armour
   997 | D:1      | Found a faded altar of an unknown god.
  1286 | D:2      | Reached XP level 4. HP: 26/29 MP: 4/4
  1566 | D:2      | You fall into a shaft and drop 2 floors!
  1566 | D:4      | Noticed Grinder
  1586 | D:4      | Killed Grinder
  1587 | D:4      | Reached skill level 5 in Armour
  1587 | D:4      | Reached XP level 5. HP: 4/33 MP: 5/5
  1587 | D:4      | Reached XP level 6. HP: 5/38 MP: 6/6
  1595 | D:4      | Noticed Blork the orc
  1932 | D:3      | Noticed Ijyb
  1948 | D:3      | Killed Ijyb
  2786 | D:3      | Found a white marble altar of Elyvilon.
  2815 | D:4      | Slain by Blork the orc

Illustrated notes

Levels and vault maps discovered:
D:1:      grunt_arrival_lava_bath, layout_basic,
          shapermc_ecumenical_altar_pompeii
D:2:      layout_loops_ring
D:3:      layout_loops_ring, mainiacjoe_overflow_boulevard,
          mainiacjoe_overflow_catch_the_wave, uniq_ijyb
D:4:      layout_basic, uniq_blork_the_orc, uniq_grinder

Skill      XL: |  1  2  3  4  5  6 |
---------------+-------------------+-----
Armour         | 4 5 |  5.2
Fighting       | 4 |  4.3
Maces & Flails | 4 |  4.6
Shields        | 4 |  4.0
Dodging        | |  0.2
Stealth        | |  0.7

Action                   |  1- 3 |  4- 6 || total
-------------------------+-------+-------++-------
Melee: Flail             |   131 |   117 ||   248
Throw: Dart              |     2 |     4 ||     6
       Stone             |       |    39 ||    39
  Use: Potion            |       |     1 ||     1
Armor: Scale mail        |    83 |    59 ||   142
Dodge: Dodged            |    56 |    53 ||   109
Block: Buckler           |    30 |    22 ||    52

Table legend: (Time is in decaauts)
 A = Elapsed time spent in this place.
 B = Non-inter-level travel time spent in this place.
 C = Inter-level travel time spent in this place.
 D = Time resting spent in this place.
 E = Time spent auto-exploring this place.
 F = Levels seen in this place.
 G = Mean time per level.
                   A        B        C        D        E       F      G
               +--------+--------+--------+--------+--------+-----+--------+
         Total |   2885 |   2827 |     58 |    716 |   1513 |   4 |  721.2 |
       Dungeon |   2885 |   2827 |     58 |    716 |   1513 |   4 |  721.2 |
               +--------+--------+--------+--------+--------+-----+--------+

Top non-repeatable levels by time:
     D:1: 1268 daAuts
     D:2: 1008 daAuts
     D:3: 560 daAuts
     D:4: 47 daAuts
